 Dungeon Crawl Stone Soup version 0.17.0-25-gefc9c12 (webtiles) character file.

797 homeworkjunkie the Covert (level 7, -17/35 HPs)
             Began as a Spriggan Assassin on Nov 17, 2015.
             Was a Believer of Okawaru.
             Demolished by an orc warrior
             ... wielding a +0 halberd
              (18 damage)
             ... on level 6 of the Dungeon on Nov 18, 2015.
             The game lasted 00:11:27 (5432 turns).

homeworkjunkie the Covert (Spriggan Assassin)       Turns: 5432, Time: 00:11:27

Health: -17/35     AC:  3    Str:  7    XL:     7   Next: 58%
Magic:  8/8        EV: 23    Int: 13    God:    Okawaru [**....]
Gold:   206        SH:  0    Dex: 19    Spells: 0 memorised, 6 levels left

rFire  . . .     SeeInvis +     a - +2 dagger
rCold  . . .     Clarity  .     c - +0 robe
rNeg   . . .     SustAt   .     (shield restricted)
rPois  .         Gourm    .     (helmet restricted)
rElec  .         Spirit   .     d - +0 cloak
rCorr  .         Warding  .     (gloves unavailable)
rMut   .         Stasis   .     (boots unavailable)
MR     +....                    m - amulet of rage
Stlth  ++++++....               (no ring)
                                p - ring of stealth

@: very quick, somewhat resistant to hostile enchantments, very stealthy
A: unfitting armour, see invisible, herbivore 3, speed 3, slow metabolism 2
a: Heroism, Renounce Religion, Evoke Berserk Rage


You were on level 6 of the Dungeon.
You worshipped Okawaru.
Okawaru was pleased with you.
You were not hungry.

You visited 1 branch of the dungeon, and saw 7 of its levels.

You collected 206 gold pieces.

Inventory:

Hand Weapons
 a - a +2 dagger (weapon)
 b - a +0 blowgun
 i - a +0 hunting sling
Missiles
 o - 16 sling bullets
Armour
 c - a +0 robe (worn)
 d - a +0 cloak (worn)
Jewellery
 m - an amulet of rage (around neck)
 p - a ring of stealth (left hand)
Scrolls
 h - 4 scrolls of remove curse
 k - 6 scrolls of identify
Potions
 l - 2 potions of agility
Comestibles
 g - 4 bread rations


   Skills:
 * Level 2.8 Fighting
 * Level 3.7 Short Blades
 * Level 4.2(5.0) Slings
 * Level 3.1(3.9) Throwing
 * Level 6.6 Dodging
 * Level 8.3 Stealth


You had 6 spell levels left.
You didn't know any spells.

Dungeon Overview and Level Annotations

Branches:
Dungeon (7/15)
 Temple: D:4-7

Altars:
Cheibriados
Okawaru
Ru
Sif Muna
Yredelemnul

Annotations:
D:3 puimuR's ghost, weakling DsGl
D:4 puimuR's ghost, weakling DsGl


Innate Abilities, Weirdness & Mutations

You are tiny and cannot use many weapons and most armour.
You have supernaturally acute eyesight.
You are a herbivore.
You cover ground extremely quickly.
You need consume almost no food.


Message History

The orc warrior is almost dead.
The orc warrior barely misses you.
You closely miss the orc warrior.
The orc warrior is almost dead.
The orc warrior barely misses you.
You hit the orc warrior but do no damage.
The orc warrior is almost dead.
You completely miss the orc warrior.
The orc warrior is almost dead.
The orc warrior completely misses you.
You hit the orc warrior but do no damage.
The orc warrior is almost dead.
The orc warrior hits you with a halberd!!
Ouch! That really hurt!
* * * LOW HITPOINT WARNING * * *
You closely miss the orc warrior.
The orc warrior is almost dead.
The orc warrior hits you with a halberd!!
Ouch! That really hurt!
You die...

#####.#.##...###.#
#.#.##...# +#
#.#[##...#
#.#.##...#
#.#)##...#
#...##...#
##..##...#
#.(##...#
#.@##...#
#o>###### ##(# ...
..... ......#
..:....# ........#
......(..#


You could see an orc warrior.

Vanquished Creatures
  A hippogriff (D:5)
  A phantom (D:5)
  A scorpion (D:5)
  An orc wizard (D:6)
  2 giant frog zombies
  2 crimson imps (D:5)
  A giant frog skeleton (D:5)
  2 hounds
  A quasit (D:6)
  4 worker ants
  2 hound zombies (D:5)
  3 gnolls (D:5)
  3 adders
  An ooze (D:1)
  An adder skeleton (D:6)
  3 worms (D:2)
  A giant gecko (D:2)
  4 orcs (D:6)
  4 giant cockroaches
  3 goblins
  A hobgoblin (D:1)
  7 jackals
  A ball python (D:2)
  5 bats
  3 giant newts
  9 kobolds
  8 rats
75 creatures vanquished.

Notes
Turn   | Place    | Note
--------------------------------------------------------------
     0 | D:1      | homeworkjunkie the Spriggan Assassin began the quest for the Orb.
     0 | D:1      | Reached XP level 1. HP: 10/10 MP: 2/2
    63 | D:2      | Reached skill level 6 in Stealth
   230 | D:1      | Reached XP level 2. HP: 2/14 MP: 3/3
  1509 | D:1      | Reached XP level 3. HP: 18/18 MP: 4/4
  1743 | D:2      | Reached skill level 7 in Stealth
  2154 | D:2      | Found a deep blue altar of Sif Muna.
  2404 | D:3      | Noticed puimuR's ghost (weakling DsGl)
  2432 | D:3      | Found a sacrificial altar of Ru.
  2848 | D:4      | Reached skill level 1 in Slings
  2878 | D:4      | Found a snail-covered altar of Cheibriados.
  2908 | D:4      | Reached XP level 4. HP: 23/23 MP: 5/5
  3037 | D:4      | Noticed puimuR's ghost (weakling DsGl)
  3052 | D:4      | Found a basalt altar of Yredelemnul.
  3068 | D:5      | Entered Level 5 of the Dungeon
  3236 | D:5      | Found an iron altar of Okawaru.
  3246 | D:5      | Became a worshipper of Warmaster Okawaru
  3269 | D:5      | Reached XP level 5. HP: 23/26 MP: 6/6
  3702 | D:4      | Upgraded the game from 0.17.0-24-gcfadda4 to 0.17.0-25-gefc9c12
  3718 | D:5      | Reached * piety under Okawaru
  3718 | D:5      | Reached XP level 6. HP: 23/32 MP: 7/7
  3801 | D:5      | Reached skill level 5 in Dodging
  3984 | D:5      | Noticed a hippogriff
  4031 | D:5      | Killed a hippogriff
  4031 | D:5      | Reached skill level 8 in Stealth
  4344 | D:5      | Reached XP level 7. HP: 19/35 MP: 8/8
  4611 | D:5      | Noticed a phantom
  4614 | D:5      | Killed a phantom
  5139 | D:6      | Reached ** piety under Okawaru
  5430 | D:6      | HP: 1/35 [orc warrior/halberd (20)]
  5432 | D:6      | Demolished by an orc warrior

Action                   |  1- 3 |  4- 6 |  7- 9 || total
-------------------------+-------+-------+-------++-------
Melee: Dagger            |   127 |   129 |    63 ||   319
 Fire: Blowgun           |    10 |    17 |    16 ||    43
       Hunting sling     |       |    49 |    33 ||    82
  Use: Scroll            |     7 |       |       ||     7
       Potion            |       |     3 |     1 ||     4
 Stab: Sleeping          |    14 |     2 |     5 ||    21
       Distracted        |     1 |       |     1 ||     2
  Eat: Fruit             |       |     5 |       ||     5
